General information
- name: BNet
- type: Ladder team game (AT/RT)
- host: Battle.net
- saver: TeamkillerSquad
map: GolemsInTheMist
- players: 8
- length: 07:12
- speed: Fast
- version: 1.26 W3XP
- replay type: Public
» download(58 KB)
Players
team 1 (winner)

»
Naxx (
teal | 38 APM | 275 actions | 07:12)
2 Death Knight
1 Death Coil
1 Unholy Aura
» actions
| Assign group hotkey | 6 | |
| Basic commands | 12 | |
| Build / train | 23 | |
| Enter build submenu | 8 | |
| Enter hero's abilities submenu | 2 | |
| Give item / drop item | 1 | |
| Right click | 115 | |
| Select / deselect | 59 | |
| Select group hotkey | 33 | |
| Use ability | 16 | |
275 total
» units
| Acolyte | 2 | |
| Ghoul | 3 | |
| Crypt Fiend | 6 | |
11 total
» upgrades
| Creature Attack | 1 | |
| Creature Carapace | 1 | |
| Web | 1 | |
3 total
» buildings
| Altar of Darkness | 1 | |
| Ziggurat | 4 | |
| Crypt | 1 | |
| Graveyard | 1 | |
| Tomb of Relics | 1 | |
| Halls of the Dead | 1 | |
| Spirit Tower | 1 | |
10 total
» build order
00:09 Altar of Darkness
00:10 Ziggurat
00:33 Crypt
00:56 Graveyard
01:16 Ziggurat
01:56 Tomb of Relics
03:12 Ziggurat
04:17 Halls of the Dead
05:08 Spirit Tower
06:30 Ziggurat
» items
GOKU_DOMINATION (
red | 20 APM | 147 actions | 07:10)
1 Tauren Chieftain
1 War Stomp
» actions
| Assign group hotkey | 1 | |
| Basic commands | 1 | |
| Build / train | 11 | |
| Enter build submenu | 5 | |
| Enter hero's abilities submenu | 1 | |
| Right click | 62 | |
| Select / deselect | 21 | |
| Select group hotkey | 38 | |
| Use ability | 7 | |
147 total
» units
» buildings
| Orc Burrow | 5 | |
| Altar of Storms | 1 | |
| Stronghold | 1 | |
| War Mill | 1 | |
8 total
» build order
00:21 Orc Burrow
00:34 Altar of Storms
02:11 Stronghold
02:41 Orc Burrow
02:42 Orc Burrow
02:42 Orc Burrow
02:47 War Mill
04:04 Orc Burrow

»
gaddo_overboard (
green | 130 APM | 934 actions | 07:12)
3 Archmage
2 Summon Water Elemental
1 Brilliance Aura
» actions
| Assign group hotkey | 25 | |
| Basic commands | 19 | |
| Build / train | 26 | |
| Enter build submenu | 16 | |
| Enter hero's abilities submenu | 3 | |
| Right click | 373 | |
| Select / deselect | 199 | |
| Select group hotkey | 251 | |
| Use ability | 22 | |
934 total
» units
| Peasant | 7 | |
| Footman | 4 | |
| Rifleman | 5 | |
16 total
» upgrades
» buildings
| Altar of Kings | 1 | |
| Farm | 5 | |
| Barracks | 1 | |
| Lumber Mill | 1 | |
| Blacksmith | 1 | |
| Scout Tower | 2 | |
| Keep | 1 | |
| Arcane Tower | 1 | |
| Workshop | 1 | |
| Guard Tower | 1 | |
15 total
» build order
00:15 Altar of Kings
00:18 Farm
00:36 Barracks
01:06 Lumber Mill
01:14 Farm
01:41 Farm
02:32 Blacksmith
02:59 Farm
04:07 Scout Tower
04:14 Keep
04:37 Arcane Tower
05:11 Farm
05:52 Scout Tower
06:37 Workshop
06:38 Guard Tower
MarioPartyisFun (
blue | 52 APM | 376 actions | 07:12)
2 Blademaster
1 Wind Walk
1 Critical Strike
» actions
| Assign group hotkey | 13 | |
| Build / train | 18 | |
| Enter build submenu | 10 | |
| Enter hero's abilities submenu | 2 | |
| Right click | 192 | |
| Select / deselect | 91 | |
| Select group hotkey | 36 | |
| Use ability | 14 | |
376 total
» units
» buildings
| Altar of Storms | 1 | |
| Orc Burrow | 4 | |
| War Mill | 1 | |
| Barracks | 1 | |
| Voodoo Lounge | 1 | |
| Stronghold | 1 | |
| Spirit Lodge | 1 | |
| Beastiary | 1 | |
11 total
» build order
00:15 Altar of Storms
00:22 Orc Burrow
01:07 War Mill
01:35 Barracks
01:53 Orc Burrow
02:44 Voodoo Lounge
03:45 Stronghold
03:53 Orc Burrow
05:19 Orc Burrow
06:21 Spirit Lodge
06:30 Beastiary
» items
team 2 (loser)
ThulsaDoom (
pink | 25 APM | 179 actions | 07:09)
1 Blademaster
1 Wind Walk
» actions
| Assign group hotkey | 5 | |
| Basic commands | 3 | |
| Build / train | 15 | |
| Enter build submenu | 6 | |
| Enter hero's abilities submenu | 1 | |
| Give item / drop item | 1 | |
| Remove unit from queue | 1 | |
| Right click | 68 | |
| Select / deselect | 60 | |
| Select group hotkey | 7 | |
| Use ability | 12 | |
179 total
» units
» buildings
| Orc Burrow | 3 | |
| Altar of Storms | 1 | |
| Barracks | 1 | |
| Voodoo Lounge | 1 | |
| Stronghold | 0 | |
6 total
» build order
00:19 Orc Burrow
00:53 Altar of Storms
00:54 Barracks
01:12 Orc Burrow
02:04 Voodoo Lounge
03:43 Stronghold
03:51 Orc Burrow
TeamkillerSquad (
yellow | 104 APM | 749 actions | 07:12)
3 Blood Mage
2 Flame Strike
1 Siphon Mana
» actions
| Assign group hotkey | 116 | |
| Basic commands | 18 | |
| Build / train | 42 | |
| Enter build submenu | 14 | |
| Enter hero's abilities submenu | 3 | |
| Give item / drop item | 1 | |
| Right click | 229 | |
| Select / deselect | 82 | |
| Select group hotkey | 209 | |
| Use ability | 35 | |
749 total
» units
| Peasant | 18 | |
| Footman | 5 | |
| Goblin Shredder | 6 | |
29 total
» buildings
| Altar of Kings | 2 | |
| Barracks | 1 | |
| Farm | 6 | |
| Arcane Vault | 1 | |
| Lumber Mill | 1 | |
| Keep | 5 | |
| Town Hall | 1 | |
17 total
» build order
01:01 Altar of Kings
01:02 Barracks
01:04 Farm
01:07 Farm
01:08 Farm
01:14 Altar of Kings
01:44 Farm
02:19 Arcane Vault
02:22 Lumber Mill
02:25 Farm
03:25 Farm
04:11 Keep
04:12 Keep
04:12 Keep
04:46 Town Hall
» items
ANGRY_WYRMS (
purple | 125 APM | 898 actions | 07:12)
2 Lich
1 Frost Nova
1 Dark Ritual
» actions
| Assign group hotkey | 52 | |
| Basic commands | 51 | |
| Build / train | 33 | |
| ESC pressed | 2 | |
| Enter build submenu | 11 | |
| Enter hero's abilities submenu | 2 | |
| Right click | 351 | |
| Select / deselect | 197 | |
| Select group hotkey | 161 | |
| Use ability | 37 | |
898 total
» units
| Acolyte | 9 | |
| Ghoul | 3 | |
| Crypt Fiend | 4 | |
16 total
» upgrades
| Creature Attack | 1 | |
| Creature Carapace | 1 | |
2 total
» buildings
| Graveyard | 1 | |
| Ziggurat | 3 | |
| Crypt | 1 | |
| Tomb of Relics | 1 | |
| Altar of Darkness | 1 | |
| Nerubian Tower | 1 | |
| Necropolis | 1 | |
| Halls of the Dead | 2 | |
11 total
» build order
00:33 Graveyard
00:34 Ziggurat
00:37 Ziggurat
00:39 Crypt
01:10 Tomb of Relics
01:14 Altar of Darkness
02:07 Ziggurat
02:57 Nerubian Tower
04:47 Necropolis
06:51 Halls of the Dead
06:52 Halls of the Dead
» items
| Dust of Appearance | 1 | |
| Rod of Necromancy | 4 | |
| Healing Salve | 1 | |
6 total
MOD_HAND (
orange | 49 APM | 350 actions | 07:12)
1 Far Seer
1 Feral Spirit
» actions
| Assign group hotkey | 5 | |
| Basic commands | 10 | |
| Build / train | 20 | |
| ESC pressed | 1 | |
| Enter build submenu | 10 | |
| Enter hero's abilities submenu | 1 | |
| Right click | 132 | |
| Select / deselect | 87 | |
| Select group hotkey | 72 | |
| Use ability | 12 | |
350 total
» units
» upgrades
» buildings
| Altar of Storms | 1 | |
| Orc Burrow | 2 | |
| Barracks | 1 | |
| War Mill | 1 | |
| Voodoo Lounge | 1 | |
| Stronghold | 1 | |
7 total
» build order
00:10 Altar of Storms
00:16 Orc Burrow
00:34 Barracks
02:17 War Mill
03:11 Orc Burrow
03:14 Voodoo Lounge
04:57 Stronghold
» items
| Healing Salve | 1 | |
| Scroll of Speed | 1 | |
2 total
Chat log
(00:04 / All) MOD_HAND: Oooh boy
(00:05 / All) gaddo_overboard: fuck yes
(00:06 / All) MOD_HAND: This should be fun
(00:07 / All) TeamkillerSquad: almost all level 1s LOL
(00:08 / All) ANGRY_WYRMS: Oh my God this is going to end poorly.
(00:10 / All) MarioPartyisFun: scrub 26
(00:12 / All) MarioPartyisFun: leave please
(00:16 / All) GOKU_DOMINATION: learn2 counter
(00:17 / All) Naxx: well this is a first for me lol
(00:19 / All) MarioPartyisFun: let the pros play
(00:38 / All) MOD_HAND: Who's red?
(00:39 / All) gaddo_overboard: that site is shit red
(00:39 / All) GOKU_DOMINATION: piesof norht here?
(00:44 / All) ANGRY_WYRMS: okay who are you
(00:46 / All) ThulsaDoom: What's your guys's power levels?
(00:53 / All) gaddo_overboard: i'm only a level 2 druid
(01:00 / All) ANGRY_WYRMS: I don't have a power level
(01:05 / All) ANGRY_WYRMS: my power level can't be measured in score or rank
(01:08 / All) ThulsaDoom: Level 4 samurai
(01:23 / All) ANGRY_WYRMS: ten bucks says this game ends with someone really butthurt
(01:28 / All) GOKU_DOMINATION: flamechamp turncoat rod for us, i assume u are ghetto, pies, ruin andshoggy
(01:31 / All) MOD_HAND: GETTO SS SAY I RUIN FOR FOR PPL GHETTO RUIN THIS FORUM FUKC U
(01:35 / All) ANGRY_WYRMS: oh mother fucker
(01:41 / All) MarioPartyisFun: who is this
(01:42 / All) gaddo_overboard: easy win
(01:44 / All) MarioPartyisFun: i am shoggy btw
(01:44 / All) ANGRY_WYRMS: lol
(01:50 / All) GOKU_DOMINATION: i hope that prick q-veta isnt here
(01:50 / All) gaddo_overboard: OH FUCK FLAMECHAMP IS ON MY TEAM
(01:56 / All) gaddo_overboard: god damnit
(02:00 / All) MOD_HAND: gg
(02:00 / All) GOKU_DOMINATION: im just massing kodo beasts
(02:02 / All) MarioPartyisFun: how does he know
(02:06 / All) gaddo_overboard: well it was nice playing with you guys
(02:13 / All) TeamkillerSquad: Too abd you didn't get us on your team
(02:14 / All) ANGRY_WYRMS: So expect some poor displays of warfare.
(02:19 / All) ThulsaDoom: Is this even worth seeing out
(02:25 / All) ANGRY_WYRMS: yes this will be fine
(02:28 / All) ANGRY_WYRMS: we all know each other LOL
(02:32 / All) ThulsaDoom: are there any legit players
(02:32 / All) GOKU_DOMINATION: im telling my friends to leave this is just too whacky they dont listen
(02:35 / All) GOKU_DOMINATION: who is the level 26
(02:38 / All) TeamkillerSquad: I'm spending half my APM reading the chat my hero is delayed I forgot about it
(02:39 / Allies) MOD_HAND: "
(02:48 / All) ANGRY_WYRMS: the level 26 is the poor bastard who was on the freeway when the demolition derby started
(02:48 / All) ThulsaDoom: I was eating cashews and made too many peons
(03:13 / All) ThulsaDoom: how many legit players are there
(03:16 / All) MOD_HAND: 1
(03:19 / All) TeamkillerSquad: fast expo isn't as fasty when you forget your hero
(03:23 / All) GOKU_DOMINATION: none lol
(03:24 / All) ThulsaDoom: can we just gang on him
(03:29 / All) MOD_HAND: lol
(03:34 / All) ThulsaDoom: who is the legit plyaer
(03:38 / All) MOD_HAND: teal I think
(03:39 / All) GOKU_DOMINATION: tteal
(03:47 / All) ThulsaDoom: Where is his base
(03:48 / All) TeamkillerSquad: What do you think of this teal?
(03:49 / All) GOKU_DOMINATION: he talks shit but i think we scared him
(03:53 / All) TeamkillerSquad: He's bot left inside
(04:23 / All) GOKU_DOMINATION: someone let me kodo eat their workers and then carry it with a zep to corner
(04:27 / All) MOD_HAND: So who are pink and yellow again?
(04:32 / All) TeamkillerSquad: I'm Rod
(04:42 / All) gaddo_overboard: bads of some kind
(04:49 / All) MOD_HAND: k
(04:58 / All) GOKU_DOMINATION: thank u teal
(05:14 / Allies) MOD_HAND: well teal's straight teching
(05:19 / Allies) MOD_HAND: or close to
(05:20 / Allies) ANGRY_WYRMS: and pink is going all in
(05:28 / All) ThulsaDoom: all rush teal
(05:54 / All) ThulsaDoom: why are you guys legit playing
(06:00 / All) ANGRY_WYRMS: because
(06:06 / All) ANGRY_WYRMS: it's the most interesting way of playing the game
(06:07 / All) MOD_HAND: i'm not rly o.o
(06:09 / All) ANGRY_WYRMS: as intended by the developers
(06:13 / All) TeamkillerSquad: It's different from our style a lot it's like custom games in ladder
(06:18 / All) TeamkillerSquad: know who you're playing
(06:20 / All) ThulsaDoom: there's only one legit player tho
(06:21 / All) GOKU_DOMINATION: nintendo 64 gives u the most bang for ur buck
(06:24 / All) TeamkillerSquad: We just tk everyone
(06:28 / All) ANGRY_WYRMS: banned
(06:33 / All) MOD_HAND: reported
(06:37 / All) ANGRY_WYRMS: oh by the way we dont care if you do what you're doing
(06:39 / All) GOKU_DOMINATION: which one is pies
(06:45 / All) MOD_HAND: me
(06:49 / All) GOKU_DOMINATION: we made a standoff
(06:54 / All) GOKU_DOMINATION: and are on -0-
(06:55 / All) MarioPartyisFun: reported to fbi
(06:58 / All) TeamkillerSquad: It's weird meeting so many people I know
(07:02 / All) MarioPartyisFun: enjoy the water torture
(07:04 / All) GOKU_DOMINATION: lets go brohters?
(07:08 / All) ThulsaDoom: yes
(07:10 / All) MOD_HAND: to where